 Dungeon Crawl Stone Soup version 0.18-a0-1539-g1c7284a (webtiles) character file.

83 GrosslyIncandescent the Insei (level 4, -1/35 HPs)
             Began as a Mummy Monk on Mar 9, 2016.
             Slain by an orc
             ... wielding a +0 club
              (4 damage)
             ... on level 3 of the Dungeon.
             The game lasted 00:02:45 (2622 turns).

GrosslyIncandescent the Insei (Mummy Monk)          Turns: 2622, Time: 00:02:46

Health: -1/35      AC:  2    Str: 14    XL:     4   Next: 22%
Magic:  13/13      EV: 13    Int:  9    God:
Gold:   114        SH:  0    Dex: 15    Spells: 0 memorised, 3 levels left

rFire  . . .     SeeInvis .       - Unarmed
rCold  . . .     Gourm    .     (no armour)
rNeg   + + +     Faith    .     (no shield)
rPois  ∞         Spirit   .     (no helmet)
rElec  .         Dismiss  .     g - +0 cloak
rCorr  .         Reflect  .     (no gloves)
SustAt .         Harm     .     f - +0 pair of boots
MR     .....                    (no amulet)
Stlth  ++........               e - ring of fire
                                b - ring of magical power

@: not resistant to hostile enchantments, unstealthy
A: no food or potions, fire vulnerability, cold resistance 1, negative energy
resistance 3, torment resistance, unbreathing
a: no special abilities


You were on level 3 of the Dungeon.
You were not hungry.

You visited 1 branch of the dungeon, and saw 3 of its levels.

You collected 114 gold pieces.


Innate Abilities, Weirdness & Mutations

You do not eat or drink.
Your flesh is vulnerable to fire.
You are immune to poison.
Your flesh is cold resistant.
You are immune to negative energy.
You are immune to unholy pain and torment.
You can survive without breathing.


   Skills:
 - Level 3.0 Fighting
 - Level 2.4 Dodging
 - Level 1.5 Stealth
 + Level 4.8 Unarmed Combat


You had 3 spell levels left.
You didn't know any spells.

Inventory:

Armour
 f - a +0 pair of boots (worn)
 g - a +0 cloak (worn)
Jewellery
 b - a ring of magical power (left hand)
 e - a ring of fire (right hand)
Scrolls
 a - 2 scrolls of enchant weapon {unknown}
 c - 2 scrolls of identify {unknown}
 d - 2 scrolls of remove curse {unknown}
 h - a scroll of noise {unknown}
 i - a scroll of random uselessness {unknown}
 j - a scroll of fog {unknown}

Dungeon Overview and Level Annotations

Branches:
Dungeon (3/15)

Altars:

Annotations:
D:2 Sigmund

...... ....▒▒▒▒▒
▒......▒ ▒......▒
▒......▒ .▒▒▒.....▒
..........▒▒▒
▒.....▒▒....▒▒▒▒▒▒▒▒
...S.. ▒.......oM..▒
▒▒.... ▒.......So..▒▒
▒....▒▒...............
▒......................
▒▒▒....................
▒.........▒▒▒▒▒▒.....
.........▒ .....
.▒......▒▒ .▒▒..
▒......▒


You could see an adder and 2 orcs.


Message History

You pummel the orc but do no damage! The adder barely misses you!
You pummel the orc like a punching bag!
The orc is moderately wounded!
The adder bites you!
You pulverise the adder but do no damage!
The adder barely misses you! The orc barely misses you!
You beat the adder into a bloody pulp!
The adder is lightly wounded!
The adder barely misses you! The orc barely misses you!
The orc hits you with a mace!!! * * * don't die
* * * The adder closely misses you!
You miss the adder! Your punch misses the adder!
The adder is lightly wounded!
The orc misses you! The adder barely misses you!
The orc hits you but does no damage!
You miss the adder!
The adder is lightly wounded!
The adder closely misses you! The orc barely misses you!
You closely miss the adder!
The adder is lightly wounded!
The orc hits you with a mace!!! * * * don't die
* * * The adder bites you! * * * don't die
* * * The orc misses you!
You pulverise the adder!
The adder is lightly wounded!
The adder misses you! The orc misses you! The orc hits you with a club! rip

Action                   |  1- 3 |  4- 6 || total
-------------------------+-------+-------++-------
Melee: Unarmed           |   151 |    41 ||   192
 Stab: Sleeping          |     1 |     3 ||     4

Vault maps used:
D:1:      minmay_arrival_shoal_huts
D:2:      kennysheep_six_static_rooms, uniq_sigmund
D:3:      uniq_grinder

Notes
Turn   | Place    | Note
--------------------------------------------------------------
     0 | D:1      | GrosslyIncandescent the Mummy Monk began the quest for the Orb.
     0 | D:1      | Reached XP level 1. HP: 18/18 MP: 1/1
   280 | D:1      | Reached XP level 2. HP: 6/24 MP: 2/2
  1111 | D:1      | Reached skill level 4 in Unarmed Combat
  1381 | D:2      | Reached XP level 3. HP: 21/29 MP: 3/3
  2188 | D:2      | Reached XP level 4. HP: 33/35 MP: 4/4
  2284 | D:2      | Noticed Sigmund
  2621 | D:3      | HP: 3/35 [adder (4)]
  2622 | D:3      | Slain by an orc

Vanquished Creatures
  2 adders (D:2)
  A worm (D:2)
  A dart slug (D:2)
  A giant gecko (D:1)
  2 ball pythons
  2 giant cockroaches
  4 goblins
  3 hobgoblins
  8 jackals
  A quokka (D:2)
  13 bats
  A giant newt (D:1)
  9 kobolds
  9 rats
57 creatures vanquished.
